 Dungeon Crawl Stone Soup version 0.31-a0-889-g1a8549509d (webtiles) character file.

Game seed: 16360692863463633762

11715 Ekaitz the Zephyrmancer (level 11, -5/138 HPs)
             Began as a Pale Draconian Air Elementalist on Oct 16, 2023.
             Was an Elder of Sif Muna.
             Slain by a death yak simulacrum (38 damage)
             ... in an ice cave.
             The game lasted 00:38:20 (12099 turns).

Ekaitz the Zephyrmancer (DrAE)                     Turns: 12099, Time: 00:38:21

Health: -5/138     AC: 25    Str: 11    XL:     11   Next: 52%
Magic:  15/21      EV:  2    Int: 17    God:    Sif Muna [****..]
Gold:   993        SH:  0    Dex: 10    Spells: 10/24 levels left

rFire   + + .        P - +6 war axe
rCold   . . .        (no shield)
rNeg    . . .        (body armour unavailable)
rPois   +            w - melded +2 hat
rElec   .            Y - melded +0 cloak
rCorr   .            I - melded +0 pair of gloves
SInv    .            o - melded +0 pair of boots
Will    .....        (no amulet)
Stlth   ++           S - +5 ring of evasion
HPRegen 0.43/turn    x - ring of Koastil {rF++ EV+5 Dex-4 Slay+6}
MPRegen 0.17/turn

%: no passive effects
@: tree-form
A: stationary, stasis, torment immunity, boosted hp, (breathe steam), AC +7,
unfitting armour, (cold-blooded), (steam resistance)
a: Renounce Religion, Channel Magic, Forget Spell, Divine Exegesis


You were in an ice cave.
You worshipped Sif Muna.
Sif Muna was greatly pleased with you.
You were a tree.
You visited 2 branches of the dungeon, and saw 11 of its levels.
You also visited: Ossuary, Bailey and Ice Cave.

You collected 993 gold pieces.

Inventory:

Hand Weapons
 i - a +2 dagger of draining
 y - a +1 mace of holy wrath
 G - a +0 orcbow of flaming
 L - the +8 broad axe of Turmoil {protect, Drain rC- rCorr Str+9}
   (You found it in a bailey)

   Str+9:     It affects your strength (+9).
   rC-:       It makes you vulnerable to cold.
   rCorr:     It protects you from acid and corrosion.
   Drain:     It drains your maximum health when unequipped.
 P - a +6 war axe (weapon)
 U - a +2 scimitar of flaming
Missiles
 k - 4 curare-tipped darts
 r - 21 poisoned darts
 s - 2 datura-tipped darts
 H - 4 atropa-tipped darts
Armour
 o - a +0 pair of boots (melded)
 w - a +2 hat (melded)
 D - a +2 tower shield of resistance
 I - a +0 pair of gloves (melded)
 Y - a +0 cloak (melded)
Jewellery
 x - the ring of Koastil (right branch) {rF++ EV+5 Dex-4 Slay+6}
   (You found it on level 3 of the Dungeon)

   [ring of evasion]

   EV+5:      It affects your evasion (+5).
   Dex-4:     It affects your dexterity (-4).
   Slay+6:    It affects your accuracy & damage with ranged weapons and melee
   (+6).
   rF++:      It greatly protects you from fire.
 Q - a ring of resist corrosion
 S - a +5 ring of evasion (left branch)
Wands
 q - a wand of roots (6)
 C - a wand of charming (14)
 J - a wand of acid (8)
Scrolls
 c - 2 scrolls of blinking {unknown}
 g - 4 scrolls of butterflies {unknown}
 h - a scroll of enchant armour {unknown}
 l - 6 scrolls of teleportation {unknown}
 u - a scroll of acquirement {unknown}
 A - a scroll of torment {unknown}
 B - 2 scrolls of brand weapon {unknown}
 E - 3 scrolls of fog {unknown}
 M - 2 scrolls of vulnerability {unknown}
 X - 2 scrolls of poison {unknown}
Potions
 a - 2 potions of magic
 b - a potion of attraction
 d - a potion of ambrosia
 e - a potion of invisibility
 j - 8 potions of enlightenment
 n - 6 potions of curing
 p - 2 potions of resistance
 v - 5 potions of heal wounds {unknown}
 z - a potion of berserk rage
 F - 2 potions of cancellation
 N - a potion of lignification
 O - a potion of brilliance
 T - a potion of haste


   Skills:
 * Level 7.2 Fighting
 + Level 1.5 Short Blades
 + Level 3.5 Axes
 + Level 3.2 Dodging
 + Level 3.2 Stealth
 * Level 5.5 Shields
 + Level 0.1 Unarmed Combat
 + Level 7.1 Spellcasting
 * Level 8.1 Conjurations
 * Level 1.2 Fire Magic
 * Level 11.7 Air Magic
 * Level 1.7 Invocations


You had 10 spell levels left.
You knew the following spells:

 Your Spells              Type           Power      Damage    Failure   Level
a - Shock                 Conj/Air       100%       1d9       1%          1
b - Static Discharge      Conj/Air       78%        2-6/arc   1%          2
c - Swiftness             Air            45%        N/A       1%          3
d - Airstrike             Air            22%        2d(4-20)  1%          4
e - Sticky Flame          Conj/Fire      21%        2d4       17%         4

Your spell library contained the following spells:

 Spells                   Type           Power      Damage    Failure   Level
 Magic Dart               Conj           100%       1d8       1%          1
 Searing Ray              Conj           66%        2d6       1%          2
 Sublimation of Blood     Necr           6%         N/A       17%         2
 Wereblood                Tmut           6%         N/A       17%         2
 Fulminant Prism          Conj/Hex       9%         3d7       22%         4
 Ignite Poison            Fire/Tmut/Pois 7%         N/A       28%         3
 Summon Hydra             Summ           3%         N/A       100%        7
 Ignition                 Fire           5%         3d4       100%        8


Dungeon Overview and Level Annotations

Branches:
Dungeon (10/15)            Temple (0/1) D:6            Lair (1/5) D:8
Ossuary (visited)          Bailey (visited)           IceCv (1/1)
    Orc: D:9-12

Altars:
Ashenzari
Cheibriados
Dithmenos
Elyvilon
Fedhas
Hepliaklqana
Qazlal
Ru
Sif Muna
Trog
Uskayaw
Xom
Yredelemnul
Zin
The Shining One

Annotations:
D:7 2 transporters
D:8 2 runed translucent doors


Innate Abilities, Weirdness & Mutations

You are a tree.
Your roots penetrate the ground, keeping you stationary.
You cannot be teleported.
You are immune to unholy pain and torment.
Your maximum health is greatly increased.
Your equipment is partially melded.
((You can breathe blasts of scalding, opaque steam.))
((Your pale cyan-grey scales are hard. (AC +7)))
You cannot fit into any form of body armour.
((You are cold-blooded and may be slowed by cold attacks.))
((You are immune to the effects of steam.))


Message History

The elephant simulacrum is struck by an arc of lightning.
The elephant simulacrum is almost destroyed.
The lightning grounds out.
The death yak simulacrum gores you! The death yak simulacrum freezes you!!
You feel yourself slow down.
* * * LOW HITPOINT WARNING * * *
The elephant simulacrum tramples you!
* * * LOW HITPOINT WARNING * * *
You stumble backwards!
Unknown command.
You hit the elephant simulacrum but do no damage.
You tail-slap the elephant simulacrum.
The elephant simulacrum vaporises!
Sif Muna accepts your kill.
You feel yourself speed up.
Unknown command.
You turn into a tree.
Your +0 cloak melds into your body.
Your +2 hat melds into your body.
Your +0 pair of gloves melds into your body.
Your +0 pair of boots melds into your body.
Your roots penetrate the ground.
The death yak simulacrum gores you but does no damage.
Unknown command.
You slash the death yak simulacrum! You punch the death yak simulacrum.
The death yak simulacrum is heavily damaged.
The death yak simulacrum gores you but does no damage.
Unknown command.
You slash the death yak simulacrum!
The death yak simulacrum is almost destroyed.
The death yak simulacrum gores you but does no damage.
Unknown command.
You hit the death yak simulacrum.
The death yak simulacrum is heavily damaged.
You hit the death yak simulacrum.
The death yak simulacrum vaporises!
Sif Muna accepts your kill.
You have got your breath back.
The death yak simulacrum gores you.
* * * LOW HITPOINT WARNING * * *
The death yak simulacrum freezes you!!!
You die...

. .. #### ...
######..## ....##
##..##....##
......###..........#
.......#...○Z..∩.∩.#
#....##♣......#
##..#####....## ####
##..## ####


You could see a death yak simulacrum.

Vanquished Creatures
  A two-headed ogre (D:7)
  Erica (D:8)
  Nergalle (Lair:1)
  An orc knight (Bailey)
  Maurice (D:9)
  3 cane toads (Lair:1)
  A komodo dragon (Lair:1)
  Sigmund (D:2)
  A wyvern (D:8)
  3 wraiths
  2 basilisks (D:8)
  13 yaks
  A steam dragon (D:8)
  3 death yak simulacra (IceCv)
  4 water moccasins
  A sky beast (D:6)
  2 black bears
  7 orc warriors
  2 ice beasts (D:5)
  3 ogres
  A centaur (D:8)
  2 phantoms
  6 bullfrogs
  5 scorpions
  A cane toad simulacrum (IceCv)
  4 wights (D:9)
  5 killer bees (D:9)
  An elephant simulacrum (IceCv)
  2 electric eels (D:9)
  2 howler monkeys (D:10)
  A hound (D:6)
  4 jellies
  Crazy Yiuf (D:2)
  10 orc priests
  2 sleepcaps
  2 gnoll boudas
  2 iguanas (D:5)
  Terence (D:3)
  10 orc wizards
  2 troll simulacra (IceCv)
  3 wolf simulacra (IceCv)
  A mummy (Ossuary)
  15 gnolls
  9 adders
  A naga simulacrum (IceCv)
  14 white imps
  6 ufetubi
  A worm (D:3)
  4 dart slugs
  32 orcs
  3 bats (D:3)
  14 endoplasms
  4 giant cockroaches
  11 goblins
  9 hobgoblins
  6 jackals
  26 kobolds
  A quokka (D:1)
  7 ball pythons
  4 frilled lizards
  10 gnoll skeletons (Ossuary)
  4 kobold skeletons (Ossuary)
  11 orc skeletons (Ossuary)
  A rat (D:3)
313 creatures vanquished.

Notes
Turn   | Place    | Note
-------+----------+-------------------------------------------
     0 | D:1      | Ekaitz the Draconian Air Elementalist began the quest for
                  | the Orb.
     0 | D:1      | Reached XP level 1. HP: 14/14 MP: 3/3
   180 | D:1      | Reached XP level 2. HP: 13/20 MP: 0/5
   202 | D:1      | Learned a level 2 spell: Static Discharge
  1215 | D:2      | Noticed Sigmund
  1231 | D:2      | Reached XP level 3. HP: 26/26 MP: 0/6
  1235 | D:2      | Learned a level 3 spell: Swiftness
  1675 | D:2      | Reached skill level 4 in Air Magic
  1675 | D:2      | Reached XP level 4. HP: 31/34 MP: 4/7
  1680 | D:2      | Reached skill level 1 in Fighting
  1756 | D:2      | Reached XP level 5. HP: 40/40 MP: 2/8
  2035 | D:2      | Found a runed translucent door.
  2036 | D:2      | Noticed Crazy Yiuf
  2548 | D:3      | Noticed Terence
  2556 | D:3      | Killed Terence
  2610 | D:3      | Found a white marble altar of Elyvilon.
  2842 | D:3      | Found a bloodstained altar of Trog.
  3159 | D:3      | Identified the ring of Koastil {rF++ EV+5 Dex-4 Slay+6}
  3728 | D:4      | Reached XP level 6. HP: 48/48 MP: 8/10
  3866 | D:4      | Learned a level 4 spell: Airstrike
  3872 | D:4      | Reached skill level 5 in Air Magic
  4685 | D:4      | Your scales start taking on a pale cyan-grey colour.
  4685 | D:4      | Reached XP level 7. HP: 56/56 MP: 8/11
  4685 | D:4      | Gained mutation: You are immune to the effects of steam.
                  | [Pale Draconian growth]
  4951 | D:5      | Entered Level 5 of the Dungeon
  5072 | D:5      | Reached skill level 6 in Air Magic
  5261 | D:5      | Found a hazy altar of Hepliaklqana.
  5309 | D:5      | Found a hide-covered altar of Uskayaw.
  5417 | D:5      | Found a shimmering altar of Xom.
  5516 | D:5      | Found a basalt altar of Yredelemnul.
  5532 | D:5      | Reached skill level 1 in Shields
  5698 | D:5      | Reached skill level 7 in Air Magic
  5698 | D:5      | Reached XP level 8. HP: 63/63 MP: 8/13
  5866 | D:5      | Found a glowing silver altar of Zin.
  5866 | D:5      | Noticed an angel
  6172 | D:5      | Found a stormy altar of Qazlal.
  6220 | D:6      | Found a shimmering blue altar of Sif Muna.
  6225 | D:6      | Became a worshipper of Sif Muna the Loreminder
  6226 | D:6      | Upgraded the game from 0.31-a0-881-ge136f0c47a to
                  | 0.31-a0-889-g1a8549509d
  6554 | D:6      | Reached skill level 5 in Conjurations
  6631 | D:6      | Found a shadowy altar of Dithmenos.
  6915 | D:6      | Found a staircase to the Ecumenical Temple.
  7005 | D:6      | Reached * piety under Sif Muna
  7006 | D:6      | Reached skill level 8 in Air Magic
  7364 | D:7      | Found a transporter.
  7365 | D:7      | Noticed a troll
  7367 | D:7      | Noticed an eight-headed hydra
  7368 | D:7      | Found a transporter.
  7368 | D:7      | Noticed a manticore
  7368 | D:7      | Noticed a komodo dragon
  7377 | D:7      | Found a broken altar of Ashenzari.
  7377 | D:7      | Found a snail-covered altar of Cheibriados.
  7388 | D:7      | Noticed a two-headed ogre
  7393 | D:7      | Killed a two-headed ogre
  7394 | D:7      | Reached skill level 1 in Short Blades
  7394 | D:7      | Reached XP level 9. HP: 72/72 MP: 15/15
  7455 | D:7      | Found a sand-covered staircase.
  7456 | D:7      | Found a flagged portal.
  7466 | Ossuary  | Entered an ossuary
  7609 | Ossuary  | Reached ** piety under Sif Muna
  7724 | Bailey   | Entered a bailey
  7734 | Bailey   | Noticed an orc knight
  7904 | Bailey   | Identified the +8 broad axe of Turmoil {protect, Drain rC-
                  | rCorr Str+9}
  7963 | Bailey   | HP: 3/72 [orc knight/+0 war axe (11)]
  7966 | Bailey   | Killed an orc knight
  7967 | Bailey   | Reached skill level 5 in Fighting
  7967 | Bailey   | Reached skill level 5 in Spellcasting
  7967 | Bailey   | Reached skill level 9 in Air Magic
  8438 | D:7      | Reached skill level 1 in Axes
  8622 | D:7      | Reached XP level 10. HP: 70/81 MP: 15/18
  8868 | D:8      | Noticed Erica
  8878 | D:8      | Killed Erica
  8879 | D:8      | Reached skill level 10 in Air Magic
  8914 | D:8      | Found a sacrificial altar of Ru.
  9178 | D:8      | Reached *** piety under Sif Muna
  9211 | D:8      | Found a staircase to the Lair.
  9522 | D:8      | Found a runed translucent door.
  9610 | D:8      | Found a runed translucent door.
  9973 | D:2      | Killed Sigmund
 10050 | D:2      | Killed Crazy Yiuf
 10380 | D:9      | Found a glowing golden altar of the Shining One.
 10565 | D:9      | Reached skill level 5 in Shields
 10961 | D:9      | Found a blossoming altar of Fedhas.
 11222 | D:9      | Noticed Maurice
 11276 | D:9      | Killed Maurice
 11277 | D:9      | Reached skill level 11 in Air Magic
 11277 | D:9      | Reached XP level 11. HP: 91/91 MP: 18/20
 11393 | D:10     | Entered Level 10 of the Dungeon
 11456 | D:10     | Noticed an orc knight
 11653 | D:12     | Identified the of Agunow
 11653 | IceCv    | Identified the "Ihecen"
 11653 | Lair:1   | Entered Level 1 of the Lair of Beasts
 11698 | Lair:1   | Noticed Nergalle
 11783 | Lair:1   | Reached skill level 1 in Invocations
 11810 | Lair:1   | Killed Nergalle
 11879 | Lair:1   | Found a frozen archway.
 11881 | Lair:1   | Reached **** piety under Sif Muna
 11951 | Lair:1   | Learned a level 4 spell: Sticky Flame
 11999 | IceCv    | Entered an ice cave
 12006 | IceCv    | Reached skill level 1 in Fire Magic
 12099 | IceCv    | Slain by a death yak simulacrum

Illustrated notes

Levels and vault maps discovered:
D:1:      psy_arrival_dodecagon, layout_basic, minivault_19,
          nicolae_concentric_dashed_squares_wild
D:2:      cheibrodos_fertilizer, layout_rooms, uniq_sigmund,
          uniq_crazy_yiuf_cottage
D:3:      layout_loops_ring, nicolae_elyvilon_temple_path,
          nicolae_overflow_crystal_walls, serial_forest,
          infiniplex_forest_clump_double, infiniplex_forest_clump_double,
          infiniplex_forest_straight_2, infiniplex_forest_pool,
          infiniplex_forest_lined_corner, infiniplex_forest_end_3,
          infiniplex_forest_zigzag_2, minmay_quadrilaterals, uniq_terence
D:4:      layout_cave_pods, serial_bayou_crossing
D:5:      layout_cave_pods, general_overflow_altar, mainiacjoe_overflow_paths,
          eat_drink_and_be_merry_uskayaw, kennysheep_little_box, zin_angel,
          mainiacjoe_overflow_concentric_impassable
D:6:      layout_loops_ring, mainiacjoe_overflow_cross_hatched,
          grunt_dithmenos_shadows, minmay_temple_entry_antechambers
D:7:      layout_rooms, gammafunk_temple_overflow_arena, enter_bailey_5,
          enter_ossuary_1, minmay_misc_feat_chi
D:8:      cheibrodos_histonic, layout_basic, lemuel_tele_altar,
          minmay_lair_entry_grove, minmay_misc_feat_cross,
          minmay_misc_feat_pillars, uniq_erica
D:9:      layout_irregular_city, fedhas_altar_fruit_tree,
          nicolae_tso_carved_into_rock, nicolae_kite_square_tiling_tiny,
          uniq_maurice
D:10:     layout_basic, orc_david_3, ebering_ghost_reflecting_pool,
          hangedman_misty_isle
Lair:1:   layout_roguey, portal_ice_cave_entry_imps, serial_bayou_shore_a,
          grunt_megastairs_1, uniq_nergalle
IceCv:    ice_cave_small_necro

Skill      XL: |  1  2  3  4  5  6  7  8  9 10 11 |
---------------+----------------------------------+-----
Conjurations   | 2 3 4 6 7 8 |  8.1
Air Magic      | 4 5 7 8 9 11 | 11.7
Fighting       | 1 2 3 4 5 6 7 |  7.2
Stealth        | 2 3 |  3.2
Dodging        | 2 3 |  3.2
Spellcasting   | 3 4 5 6 7 |  7.1
Shields        | 1 2 3 5 |  5.5
Short Blades   | 1 |  1.5
Axes           | 1 3 |  3.5
Invocations    | 1 |  1.7
Fire Magic     | 1 |  1.2
Unarmed Combat | |  0.1

Action                     |  1- 3 |  4- 6 |  7- 9 | 10-12 || total
---------------------------+-------+-------+-------+-------++-------
  Melee: Unarmed           |    36 |       |       |       ||    36
         Tailslap          |     5 |     1 |     7 |    19 ||    32
         Punch             |     2 |       |     1 |     3 ||     6
         Dagger            |     7 |    41 |    26 |       ||    74
         Short sword       |       |    11 |       |       ||    11
         Broad axe         |       |       |    23 |    48 ||    71
         War axe           |       |       |       |    45 ||    45
   Cast: Shock             |    66 |    79 |   178 |    89 ||   412
         Static Discharge  |     1 |    14 |    12 |     9 ||    36
         Airstrike         |       |     1 |     5 |    29 ||    35
Ability: Breathe Steam     |       |       |    29 |    16 ||    45
    Use: Potion            |       |       |     1 |     1 ||     2
         Scroll            |       |       |       |    14 ||    14
   Stab: Distracted        |     1 |       |       |       ||     1
         Sleeping          |       |     4 |     1 |     1 ||     6
 Armour: Skin              |    34 |    38 |    36 |    64 ||   172
  Dodge: Dodged            |    39 |    52 |    78 |   153 ||   322

Table legend: (Time is in decaauts)
 A = Elapsed time spent in this place.
 B = Non-inter-level travel time spent in this place.
 C = Inter-level travel time spent in this place.
 D = Time resting spent in this place.
 E = Time spent auto-exploring this place.
 F = Levels seen in this place.
 G = Mean time per level.
                   A        B        C        D        E       F      G
               +--------+--------+--------+--------+--------+-----+--------+
         Total |  12142 |  11420 |    722 |    839 |   8279 |  14 |  867.3 |
       Dungeon |  10968 |  10246 |    722 |    550 |   8093 |  10 | 1096.8 |
          Lair |    356 |    356 |      0 |    114 |      0 |   1 |  356.0 |
       Ossuary |    160 |    160 |      0 |      0 |      0 |   1 |  160.0 |
        Bailey |    553 |    553 |      0 |    163 |    129 |   1 |  553.0 |
      Ice Cave |    103 |    103 |      0 |     12 |     57 |   1 |  103.0 |
               +--------+--------+--------+--------+--------+-----+--------+

Top non-repeatable levels by time:
     D:3: 1450 daAuts
     D:2: 1353 daAuts
     D:4: 1311 daAuts
     D:5: 1252 daAuts
     D:6: 1220 daAuts
     D:1: 1207 daAuts
     D:9: 1129 daAuts
     D:8: 1041 daAuts
     D:7: 796 daAuts
  Bailey: 553 daAuts
  Lair:1: 356 daAuts
    D:10: 205 daAuts
 Ossuary: 160 daAuts
   IceCv: 103 daAuts
